 Dungeon Crawl Stone Soup version 0.17.0-24-gcfadda4 (webtiles) character file.

683 shklvsk the Cudgeler (level 7, -1/54 HPs)
             Began as a Mummy Berserker on Nov 16, 2015.
             Was a Believer of Trog.
             Slain by a giant frog (3 damage)
             ... in a sewer.
             The game lasted 00:17:42 (6582 turns).

shklvsk the Cudgeler (Mummy Berserker)              Turns: 6582, Time: 00:17:43

Health: -1/54      AC:  2    Str: 20    XL:     7   Next: 35%
Magic:  8/8        EV: 13    Int:  7    God:    Trog [**....]
Gold:   270        SH:  0    Dex: 13    Spells: 0 memorised, 6 levels left

rFire  . . .     SeeInvis .     h - +0 flail
rCold  . . .     Clarity  .     d - +0 robe (curse)
rNeg   + + +     SustAt   .     (no shield)
rPois  ∞         Gourm    .     (no helmet)
rElec  .         Spirit   .     (no cloak)
rCorr  .         Warding  .     (no gloves)
rMut   .         Rnd*Tele +     (no boots)
MR     ++...                    (no amulet)
Stlth  +.........               l - ring of fire {rF+, rC-}
                                f - ring of teleportation (curse) {+/*tele, !d}

@: very slightly contaminated, regenerating, very resistant to hostile
enchantments, very unstealthy
A: no food or potions, fire vulnerability, cold resistance 1, negative energy
resistance 3, torment resistance, unbreathing
a: Trog's Hand, Burn Spellbooks, Renounce Religion, Evoke Teleportation


You were in a sewer.
You worshipped Trog.
Trog was pleased with you.
You were not hungry.

You visited 1 branch of the dungeon, and saw 6 of its levels.
You also visited: Sewer.

You collected 270 gold pieces.

Inventory:

Hand Weapons
 a - a +0 mace
 c - a +3 short sword
   (You took it off a kobold on level 1 of the Dungeon)
 e - a cursed -1 dagger
   (You found it on level 2 of the Dungeon)
 h - a +0 flail (weapon)
   (You took it off a gnoll on level 2 of the Dungeon)
Armour
 b - a +0 animal skin
 d - a cursed +0 robe (worn)
   (You found it on level 1 of the Dungeon)
 g - a +0 ring mail
   (You found it on level 1 of the Dungeon)
 n - a +0 chain mail
   (You found it on level 4 of the Dungeon)
Rods
 m - a +1 rod of inaccuracy (14/14) {!a}
   (You found it on level 4 of the Dungeon)
Jewellery
 f - a cursed ring of teleportation (left hand) {+/*tele, !d}
   (You found it on level 1 of the Dungeon)
 l - a ring of fire (right hand) {rF+, rC-}
   (You found it on level 3 of the Dungeon)
 p - an uncursed ring of ice {rC+, rF-}
   (You found it on level 6 of the Dungeon)
Wands
 i - a wand of digging (20)
   (You took it off Ijyb on level 2 of the Dungeon)
Scrolls
 k - a scroll of teleportation
 o - a scroll of fear


   Skills:
 + Level 4.2 Fighting
 * Level 4.6 Maces & Flails
 + Level 3.1 Armour
 + Level 3.1 Dodging
 * Level 2.2 Evocations


You had 6 spell levels left.
You didn't know any spells.

Dungeon Overview and Level Annotations

Branches:
Dungeon (6/15)             Temple (0/1) D:6

Altars:

Annotations:
D:2 Crazy Yiuf


Innate Abilities, Weirdness & Mutations

You do not eat or drink.
Your flesh is vulnerable to fire.
You are immune to poison.
Your flesh is cold resistant.
You are immune to negative energy.
You are immune to unholy pain and torment.
You can survive without breathing.


Message History

The giant newt bites you.
You take 1 damage, and have 42/54 hp.
You thump the giant newt!
You kill the giant newt!
Trog accepts your kill.
No target in view!
No target in view!
No target in view!
You see here a giant newt corpse.
You start resting.
Health restored: 54 You enter the shallow water.
Moving in this stuff is going to be slow.
You enter the shallow water.
Moving in this stuff is going to be slow.
The giant gecko is too close now for your liking.
A giant newt comes into view.
The giant gecko barely misses you.
You hit the giant gecko. The giant newt closely misses you.
The giant gecko splashes around in the water.
You hit the giant gecko.
You kill the giant gecko!
Trog accepts your kill. The giant newt barely misses you.
You barely miss the giant newt. The giant newt barely misses you.
You sock the giant newt!
You kill the giant newt!
Trog accepts your kill.
No target in view!
No target in view!
No target in view!
You see here a giant newt corpse.
You enter the shallow water.
Moving in this stuff is going to be slow.
You enter the shallow water.
Moving in this stuff is going to be slow.
You enter the shallow water.
Moving in this stuff is going to be slow.
A giant frog comes into view.
The giant frog gives a loud, deep croak!
A giant frog comes into view.
Why would you want to do that? Why would you want to do that?
The giant frog completely misses you.
The giant frog gives a loud, deep croak!
The giant frog hits you. The giant frog closely misses you.
You take 2 damage, and have 52/54 hp.
The giant frog hits you.
You take 5 damage, and have 47/54 hp.
You sock the giant frog! The giant frog closely misses you.
The giant frog hits you. The giant frog barely misses you.
You take 4 damage, and have 43/54 hp.
Your skin crawls.
You feel resistant to hostile enchantments.
The giant frog hits you. The giant frog misses you.
The giant frog closely misses you. x2
You hit the giant frog.
The giant frog hits you but does no damage.
The giant frog hits you. x2
You take 8 damage, and have 35/54 hp.
You hit the giant frog. The giant frog misses you. The giant frog hits you!
The giant frog hits you. x2
You take 16 damage, and have 19/54 hp.
MASSIVE DAMAGE!!
You closely miss the giant frog. The giant frog hits you.
The giant frog closely misses you. x2
You sock the giant frog!
You kill the giant frog!
Trog accepts your kill. The giant frog closely misses you.
The giant frog hits you!
* * * LOW HITPOINT WARNING * * *
You take 6 damage, and have 13/54 hp.
You sock the giant frog! The giant frog closely misses you.
The giant frog hits you.
* * * LOW HITPOINT WARNING * * *
You take 3 damage, and have 10/54 hp.
You barely miss the giant frog.
You feel the effects of Trog's Hand fading.
The giant frog hits you!
* * * LOW HITPOINT WARNING * * *
You take 6 damage, and have 4/54 hp.
Read which item? (? for menu, Esc to quit)
Really read
j - a scroll of blinking {!r}? [Y]es or [N]o only, please.
Really read
j - a scroll of blinking {!r}? [Y]es or [N]o only, please.
Really read
j - a scroll of blinking {!r}? [Y]es or [N]o only, please.
Really read
j - a scroll of blinking {!r}?
Blink to where?
Splash!
You fall into the shallow water.
Moving in this stuff is going to be slow.
You are very lightly contaminated with residual magic.
As you read the scroll of blinking {!r}, it crumbles to dust.
You regained 2 hp, and now have 7/54 hp.
The giant frog hits you!
* * * LOW HITPOINT WARNING * * *
The giant frog hits you.
You die...

#.# #.≈≈≈.≈≈≈≈≈≈≈≈≈
##≈###.≈≈≈.≈≈≈≈≈≈≈≈≈
#.≈.##.≈≈≈.#≈≈≈≈≈≈≈≈
#≈≈.##.≈≈≈.#≈≈≈≈≈≈≈≈
#.≈.##.≈≈≈.###≈≈≈≈≈#
#.≈÷##.≈F≈.# ######
#≈≈.##≈≈≈≈.#
#≈≈÷##.≈≈≈.#
##≈≈@##≈≈≈≈≈#########
#..≈≈F≈.≈≈≈≈≈≈......≈
#.≈≈≈≈≈≈≈≈≈≈≈≈≈≈≈≈≈≈≈
#.≈≈≈≈≈≈≈≈≈≈≈≈≈≈≈≈≈≈≈
#.≈≈≈≈≈≈≈≈≈≈≈≈≈≈≈≈≈≈≈
#..≈.≈≈≈≈..≈≈.....≈≈≈
###≈#################
#≈# #≈#


You could see a giant frog.

Vanquished Creatures
  Grinder (D:4)
  2 giant frogs
  A hound (D:4)
  Ijyb (D:2)
  A worker ant (D:5)
  8 gnolls
  9 adders
  An ooze (D:6)
  An adder zombie (D:6)
  2 worms (D:3)
  11 giant geckos
  3 orcs
  9 hobgoblins
  2 jackals (D:4)
  10 kobolds
  2 quokkas (D:3)
  3 ball pythons
  7 bats
  7 giant cockroaches
  13 giant newts
  12 goblins
  9 rats
115 creatures vanquished.

Notes
Turn   | Place    | Note
--------------------------------------------------------------
     0 | D:1      | shklvsk the Mummy Berserker began the quest for the Orb.
     0 | D:1      | Reached XP level 1. HP: 18/18 MP: 1/1
   218 | D:1      | Reached XP level 2. HP: 21/24 MP: 2/2
  1025 | D:2      | Reached ** piety under Trog
  1051 | D:2      | Reached skill level 3 in Maces & Flails
  1051 | D:2      | Reached XP level 3. HP: 25/29 MP: 3/3
  1107 | D:2      | Reached skill level 2 in Dodging
  1166 | D:2      | Noticed Crazy Yiuf
  1179 | D:2      | HP: 2/29 [Crazy Yiuf/quarterstaff of chaos (13)]
  1555 | D:2      | Noticed Ijyb
  1576 | D:2      | Killed Ijyb
  1576 | D:2      | Reached skill level 2 in Armour
  1576 | D:2      | Reached XP level 4. HP: 20/35 MP: 4/4
  2294 | D:2      | HP: 7/35 [adder (4)]
  2298 | D:2      | HP: 2/35 [adder (3)]
  2304 | D:2      | HP: 6/35 [adder (2)]
  2876 | D:2      | Reached XP level 5. HP: 32/41 MP: 5/5
  4248 | D:4      | Reached skill level 4 in Maces & Flails
  4467 | D:4      | Identified a +1 rod of inaccuracy (14/14) (You found it on level 4 of the Dungeon)
  4664 | D:4      | Noticed Grinder
  4675 | D:4      | Killed Grinder
  4675 | D:4      | Reached skill level 4 in Fighting
  4675 | D:4      | Reached skill level 1 in Evocations
  4675 | D:4      | Reached XP level 6. HP: 12/48 MP: 6/6
  5269 | D:3      | Reached skill level 3 in Dodging
  5860 | D:5      | Entered Level 5 of the Dungeon
  5939 | D:6      | Reached XP level 7. HP: 41/54 MP: 8/8
  5978 | D:6      | HP: 12/54 [giant frog (6)]
  5980 | D:6      | Reached skill level 3 in Armour
  6011 | D:6      | Reached skill level 2 in Evocations
  6027 | D:6      | Found a glowing drain.
  6038 | D:6      | HP: 12/54 [giant gecko (5)]
  6231 | Sewer    | Entered a sewer
  6577 | Sewer    | HP: 13/54 [giant frog (7)]
  6579 | Sewer    | HP: 4/54 [giant frog (8)]
  6582 | Sewer    | Slain by a giant frog

Action                   |  1- 3 |  4- 6 |  7- 9 || total
-------------------------+-------+-------+-------++-------
Melee: Mace              |   116 |    73 |       ||   189
       Flail             |       |   135 |   101 ||   236
Invok: Trog's Hand       |     1 |     7 |     3 ||    11
  Use: Scroll            |     2 |     8 |     2 ||    12
 Stab: Sleeping          |       |     1 |       ||     1

Vault maps used:
D:1:      matt_arrival_debris
D:2:      first_bread, kennysheep_potato, uniq_iyjb, uniq_crazy_yiuf_cottage
D:3:      minmay_distorted
D:4:      serial_forest, infiniplex_forest_lined_ring, infiniplex_forest_end_3,
          infiniplex_forest_clump_double, infiniplex_forest_straight_5,
          uniq_grinder
D:5:      serial_aquarium, aquarium_bridge_square, aquarium_bridge_straight,
          aquarium_window_fake, aquarium_window_1, aquarium_window_1,
          aquarium_window_corridor_3, aquarium_view_2c, uniq_eustachio
D:6:      lemuel_zombie_altar_yredelemnul, elyvilon_altar_5,
          minmay_temple_entry_poolview, gup_sewer_entry_pipe,
          minmay_misc_feat_more_columns,
          nicolae_dithmenos_through_a_glass_darkly
Sewer:    sewer_frog_island_01

Table legend:
 A = Turns spent in this place as a percentage of turns spent in the entire game.
 B = Non-inter-level travel turns spent in this place as a percentage of non-inter-level travel turns spent in the entire game.
 C = Inter-level travel turns spent in this place as a percentage of turns spent in this place.
 D = Turns resting spent in this place as a percentage of non-inter-level travel turns spent in this place.
 E = Turns spent auto-exploring this place as a percentage of non-inter-level travel turns spent in this place.
 F = Non-inter-level travel turns spent in this place divided by the number of levels of this place that you've seen.
                   A       B       C       D       E      F
               +-------+-------+-------+-------+-------+----------------------
         Total | 100.0 | 100.0 |   0.7 |   4.9 |   5.5 | 251.3
       Dungeon |  88.8 |  88.7 |   0.8 |   5.0 |   6.1 | 260.2
         Sewer |  11.2 |  11.3 |   0.0 |   4.0 |   1.0 | 198.0
               +-------+-------+-------+-------+-------+----------------------

Table legend:
 A = Kills in this place as a percentage of kills in entire the game.
 B = Kills by you in this place as a percentage of kills by you in the entire game.
 C = Kills by friends in this place as a percentage of kills by friends in the entire game.
 D = Other kills in this place as a percentage of other kills in the entire game.
 E = Experience gained in this place as a percentage of experience gained in the entire game.
 F = Experience gained in this place divided by the number of levels of this place that you have seen.
                   A       B       C       D       E      F
               +-------+-------+-------+-------+-------+----------------------
         Total | 100.0 | 100.0 |  -nan |  -nan | 100.0 | 139.4
       Dungeon |  83.5 |  83.5 |  -nan |  -nan |  87.1 | 141.7
         Sewer |  16.5 |  16.5 |  -nan |  -nan |  12.9 | 126.0
               +-------+-------+-------+-------+-------+----------------------
